 Dungeon Crawl Stone Soup version 0.13-a0-2133-ge955d09 (webtiles) character file.

309 Kae the Firebug (level 5, -5/28 HPs)
             Began as a Tengu Fire Elementalist on June 28, 2013.
             Killed from afar by Sigmund (10 damage)
             ... with a puff of flame
             ... on Level 3 of the Dungeon.
             The game lasted 00:05:58 (3330 turns).

Kae the Firebug (Tengu Fire Elementalist)           Turns: 3330, Time: 00:05:59

HP  -5/28        AC  2     Str  8      XL: 5   Next: 30%
MP   8/11        EV 12     Int 17      God:
Gold 161         SH  0     Dex 14      Spells:  2 memorised,  4 levels left

Res.Fire  : . . .   See Invis. : .   (no weapon)
Res.Cold  : . . .   Warding    : .   a - +0 robe
Life Prot.: . . .   Conserve   : .   (no shield)
Res.Poison: .       Res.Corr.  : .   (helmet restricted)
Res.Elec. : .       Clarity    : .   (no cloak)
Sust.Abil.: . .     Spirit.Shd : .   (no gloves)
Res.Mut.  : .       Stasis     : .   (boots unavailable)
Res.Rott. : .       Flight     : .   (no amulet)
Saprovore : . . .                    (no ring)
                                     (no ring)

@: very slightly contaminated, slightly resistant to hostile enchantments,
fairly stealthy
A: able to fly, beak, talons 3
a: Fly


You were on level 3 of the Dungeon.
You were very hungry.

You visited 1 branch of the dungeon, and saw 3 of its levels.

You collected 141 gold pieces.

Inventory:

Hand weapons
 m - a +1,+2 dagger
Missiles
 l - a stone (quivered)
Armour
 a - a +0 robe (worn)
Comestibles
 c - 3 bread rations
 f - 2 chokos
 k - 2 meat rations
 r - a pear
Scrolls
 d - 4 scrolls of identify {unknown}
 e - a scroll of enchant weapon I {unknown}
 i - 2 scrolls of remove curse {unknown}
 n - a scroll of teleportation {unknown}
 p - a scroll of amnesia {unknown}
 q - a scroll of blinking {unknown}
Potions
 g - a potion of curing {unknown}
 h - a potion of beneficial mutation {unknown}
 j - a potion of restore abilities {unknown}
 o - a potion of agility {unknown}
Books
 b - a book of Flames

   Spells                             Type                      Level
   *Flame Tongue                      Conjuration/Fire             1
   Throw Flame                        Conjuration/Fire             2
   *Conjure Flame                     Conjuration/Fire             3
   Inner Flame                        Hexes/Fire                   3
   Sticky Flame                       Conjuration/Fire             4
   Fireball                           Conjuration/Fire             5


   Skills:
 - Level 2.1 Dodging
 - Level 2.0 Stealth
 + Level 2.0 Spellcasting
 * Level 4.2 Conjurations
 * Level 4.8 Fire Magic


You had 4 spell levels left.
You knew the following spells:

 Your Spells              Type           Power        Failure   Level  Hunger
a - Flame Tongue          Conj/Fire      ###..        2%          1    #......
b - Conjure Flame         Conj/Fire      ###.....     10%         3    ####...


Dungeon Overview and Level Annotations

Branches:
Dungeon (3/27)

Altars:
Makhleb

Annotations
D:3 Sigmund


Innate Abilities, Weirdness & Mutations

You can fly.
You have a beak for a mouth.
You have claws for feet.


Message History

Sigmund is nearby!
Press: ? - help, v - describe, . - travel The floor.
Unknown command.
Unknown command.
Sigmund gestures at you while chanting. The puff of flame hits you!
* * * LOW HITPOINT WARNING * * *
Sigmund gestures wildly while chanting.
Sigmund flickers and vanishes!
Deactivating autopickup; reactivate with Ctrl-A.
Casting: Flame Tongue
Confirm with . or Enter, or press ? or * to list all spells.
Aiming: Conjure Flame
Press: ? - help, Dir - move target cursor You miscast Conjure Flame.
You are very lightly contaminated with residual magic.
You feel uncomfortably hot. The puff of flame hits you!
One of your 2 scrolls labeled ANASESI STOIPT catches fire!
You die...

#.###### #.......
###.###### ..#.# .
#.#.####..
#.#.#.....
#.#.#.....
##########.#.#.....
#.@.....##.#.#.)...
#.#####.##.#.#.....
#.# #............
#.# #..#.#.#.##+#
#.# #..#.#.#.# #.#
#..#.....# #.#
#........# #.#
#.###....# # ...
... ...... ..


There were no monsters in sight!

Vanquished Creatures
  A hound (D:3)
  Ijyb (D:2)
  Jessica (D:3)
  Terence (D:2)
  2 adders
  2 worms (D:2)
  An orc (D:3)
  2 giant cockroaches (D:1)
  2 goblins
  7 hobgoblins
  2 quokkas (D:2)
  A ball python (D:3)
  5 bats
  2 giant newts
  7 kobolds
  12 rats
49 creatures vanquished.

Vanquished Creatures (others)
  A rat (D:1)
1 creature vanquished.

Grand Total: 50 creatures vanquished

Notes
Turn   | Place    | Note
--------------------------------------------------------------
     0 | D:1      | Kae, the Tengu Fire Elementalist, began the quest for the Orb.
     0 | D:1      | Reached XP level 1. HP: 10/10 MP: 3/3
   427 | D:1      | Reached XP level 2. HP: 9/15 MP: 1/5
  1261 | D:2      | Reached XP level 3. HP: 8/19 MP: 1/6
  1340 | D:2      | Reached skill level 4 in Fire Magic
  1436 | D:2      | Learned a level 3 spell: Conjure Flame
  1479 | D:2      | Noticed Terence
  1574 | D:2      | Noticed Ijyb
  1608 | D:2      | Killed Ijyb
  1608 | D:2      | Reached XP level 4. HP: 22/24 MP: 2/8
  2324 | D:2      | Killed Terence
  2490 | D:3      | Found a burning altar of Makhleb.
  2593 | D:3      | Reached XP level 5. HP: 12/28 MP: 2/11
  2951 | D:3      | Noticed Jessica
  2955 | D:3      | Killed Jessica
  3323 | D:3      | Noticed Sigmund
  3330 | D:3      | Killed from afar by Sigmund

Action                   |  1- 3 |  4- 6 || total
-------------------------+-------+-------++-------
Melee: Unarmed           |    32 |     4 ||    36
Throw: Stone             |       |     1 ||     1
 Cast: Flame Tongue      |    57 |    50 ||   107
       Conjure Flame     |       |     3 ||     3
  Use: Potion            |       |     1 ||     1
 Stab: Sleeping          |     1 |       ||     1
